 Dungeon Crawl Stone Soup version 0.29.0-13-gc9e81de378 (webtiles) character file.

Game seed: 1149608827197459660

247 0gre the Chiller (level 6, -2/44 HPs)
             Began as a Gnoll Ice Elementalist on Sept 11, 2022.
             Slain by blackman's ghost (16 damage)
             ... on level 3 of the Dungeon.
             The game lasted 00:09:40 (3694 turns).

0gre the Chiller (Gnoll Ice Elementalist)           Turns: 3694, Time: 00:09:40

Health: -2/44      AC:  2    Str:  5 (7)  XL:     6   Next: 11%
Magic:  12/14      EV: 13    Int: 13 (16) God:
Gold:   172        SH:  0    Dex: 10 (13) Spells: 11/15 levels left

rFire   . . .      SeeInvis .   a - +0 flail
rCold   . . .      Faith    .   (no shield)
rNeg    . . .      Spirit   .   d - +0 robe
rPois   .          Reflect  .   (no helmet)
rElec   .          Harm     .   (no cloak)
rCorr   .          Rampage  .   (no gloves)
Will    .....                   (no boots)
Stlth   ++........              (no amulet)
HPRegen 0.14/turn               (no ring)
MPRegen 0.14/turn               (no ring)

@: freezing walls
A: fangs 1, strong nose, distributed training
a: no special abilities


You were on level 3 of the Dungeon.
You visited 1 branch of the dungeon, and saw 3 of its levels.

You collected 172 gold pieces.

Inventory:

Hand Weapons
 a - a +0 flail (weapon)
 c - a +0 halberd
Missiles
 r - 6 curare-tipped darts (quivered)
Armour
 d - a +0 robe (worn)
Magical Staves
 e - a staff of fire
Jewellery
 m - a ring of see invisible
 q - a ring of ice
Wands
 s - a wand of polymorph (12)
Scrolls
 f - a scroll of enchant armour {unknown}
 i - a scroll of summoning {unknown}
 k - a scroll of silence {unknown}
 l - 2 scrolls of immolation
 p - a scroll of amnesia {unknown}
 t - a scroll of fear
 u - a scroll of enchant weapon {unknown}
 v - 3 scrolls of identify
 w - 2 scrolls of torment {unknown}
Potions
 b - 2 potions of magic
 g - 4 potions of curing
 h - a potion of mutation {unknown}
 j - a potion of invisibility {unknown}
 n - a potion of haste {unknown}
 o - a potion of resistance {unknown}
 x - 2 potions of degeneration


   Skills:
 + Level 1.9 Fighting
 + Level 1.9 Short Blades
 + Level 1.9 Long Blades
 + Level 1.9 Axes
 + Level 1.9 Maces & Flails
 + Level 1.9 Polearms
 + Level 1.9 Staves
 + Level 1.9 Ranged Weapons
 + Level 1.9 Throwing
 + Level 1.9 Armour
 + Level 4.9 Dodging
 + Level 4.5 Stealth
 + Level 1.9 Shields
 + Level 1.9 Unarmed Combat
 + Level 5.3 Spellcasting
 + Level 1.5 Conjurations
 + Level 1.5 Hexes
 + Level 1.5 Summonings
 + Level 1.5 Necromancy
 + Level 1.5 Translocations
 + Level 1.5 Transmutations
 + Level 1.5 Fire Magic
 + Level 7.2 Ice Magic
 + Level 1.5 Air Magic
 + Level 1.5 Earth Magic
 + Level 1.5 Poison Magic
 + Level 2.1 Invocations
 + Level 1.9 Evocations


You had 11 spell levels left.
You knew the following spells:

 Your Spells              Type           Power      Damage    Failure   Level
a - Freeze                Ice            88%        1d10      1%          1
b - Frozen Ramparts       Ice            44%        1d7       2%          3

Your spell library contained the following spells:

 Spells                   Type           Power      Damage    Failure   Level
 Ozocubu's Armour         Ice            22%        N/A       2%          3
 Static Discharge         Conj/Air       7%         3-4/arc   14%         2
 Hailstorm                Conj/Ice       14%        3d5       30%         4
 Dispel Undead            Necr           7%         3d8       67%         4
 Sticky Flame             Conj/Fire      7%         2d3       67%         4


Dungeon Overview and Level Annotations

Branches:
Dungeon (3/15)

Altars:
Okawaru

Shops:
D:3 :

Annotations:
D:3 blackman's ghost, amateur DgFi


Innate Abilities, Weirdness & Mutations

You have very sharp teeth.
Your uncanny sense of smell can sniff out nearby items.
Your experience applies equally to all skills.


Message History

You kill the orc!
The wall freezes blackman's ghost but does no damage.
You hit blackman's ghost.
Blackman's ghost is lightly damaged.
The wall freezes the orc.
The wall freezes the orc!
You kill the orc!
The wall freezes blackman's ghost but does no damage.
Blackman's ghost hits you.
Okay, then.
You hit blackman's ghost but do no damage.
Blackman's ghost is lightly damaged.
The wall freezes the orc.
The wall freezes blackman's ghost.
Blackman's ghost barely misses you.
The wall freezes the orc.
You kill the orc!
The wall freezes blackman's ghost but does no damage.
Blackman's ghost hits you!
* * * LOW HITPOINT WARNING * * *
The wall freezes the orc priest.
As you read the scroll labelled OLOK WES IXUXT, it crumbles to dust.
It is a scroll of identify.
l - 2 scrolls of immolation The wall freezes blackman's ghost but does no damage.
Blackman's ghost closely misses you.
The wall freezes the orc priest.
The orc priest hits you from afar with a +0 trident.
* * * LOW HITPOINT WARNING * * *
As you read the scroll labelled UDALOD QEEDAOZXAHI, it crumbles to dust.
You assume a fearsome visage.
Blackman's ghost is unaffected.
The orc priest looks frightened!
It was a scroll of fear.
The wall freezes blackman's ghost.
Blackman's ghost hits you but does no damage.
The wall freezes the orc priest but does no damage.
It was a potion of curing.
You feel better.
The wall freezes blackman's ghost.
Blackman's ghost closely misses you.
The wall freezes the orc priest.
Your attack snaps the orc priest out of its fear.
It was a potion of degeneration.
There was something very wrong with that liquid.
You feel weakened.
You feel dopey.
You feel clumsy.
The wall freezes blackman's ghost but does no damage.
Blackman's ghost hits you!
You die...

..##..#..#
....#.#..#
[...#.'..##
_.8.#.'...#
[...#.'...#
....#.#..o#
..##..#.o.#
..8#..#...##########
..##..#.....o))W@..#
8.....#...#.#.)##..#
#######8..#.#..##..#
.#.#......#.#...#..#
.#.#.....##.#.#.#..#
.#.########.#......#
...########.......##
..#.......#####.###
..#.......# ##.#


You could see an orc priest (fleeing) and blackman's ghost.

Vanquished Creatures
  A black bear (D:3)
  4 gnolls (D:3)
  4 adders
  A worm (D:2)
  2 dart slugs
  6 orcs (D:3)
  7 ball pythons
  6 endoplasms
  6 hobgoblins
  6 quokkas
  8 bats
  6 goblins
  6 kobolds
  2 rats (D:3)
65 creatures vanquished.

Notes
Turn   | Place    | Note
-------+----------+-------------------------------------------
     0 | D:1      | 0gre the Gnoll Ice Elementalist began the quest for the
                  | Orb.
     0 | D:1      | Reached XP level 1. HP: 13/13 MP: 6/6
   138 | D:1      | Reached XP level 2. HP: 16/19 MP: 7/7
   790 | D:1      | Found a faded altar of an unknown god.
  1045 | D:1      | Reached skill level 5 in Spellcasting
  1045 | D:1      | Reached XP level 3. HP: 24/25 MP: 7/9
  1049 | D:1      | Learned a level 3 spell: Frozen Ramparts
  1554 | D:2      | Reached skill level 1 in Invocations
  1751 | D:2      | Reached skill level 1 in Fighting
  1751 | D:2      | Reached skill level 1 in Short Blades
  1751 | D:2      | Reached skill level 1 in Long Blades
  1751 | D:2      | Reached skill level 1 in Axes
  1751 | D:2      | Reached skill level 1 in Maces & Flails
  1751 | D:2      | Reached skill level 1 in Polearms
  1751 | D:2      | Reached skill level 1 in Staves
  1751 | D:2      | Reached skill level 1 in Ranged Weapons
  1751 | D:2      | Reached skill level 1 in Throwing
  1751 | D:2      | Reached skill level 1 in Armour
  1751 | D:2      | Reached skill level 1 in Shields
  1751 | D:2      | Reached skill level 1 in Unarmed Combat
  1751 | D:2      | Reached skill level 1 in Evocations
  1988 | D:2      | Found an iron altar of Okawaru.
  2079 | D:2      | Reached XP level 4. HP: 29/32 MP: 11/11
  2327 | D:3      | Reached skill level 1 in Conjurations
  2327 | D:3      | Reached skill level 1 in Hexes
  2327 | D:3      | Reached skill level 1 in Summonings
  2327 | D:3      | Reached skill level 1 in Necromancy
  2327 | D:3      | Reached skill level 1 in Translocations
  2327 | D:3      | Reached skill level 1 in Transmutations
  2327 | D:3      | Reached skill level 1 in Fire Magic
  2327 | D:3      | Reached skill level 1 in Air Magic
  2327 | D:3      | Reached skill level 1 in Earth Magic
  2327 | D:3      | Reached skill level 1 in Poison Magic
  2914 | D:3      | Reached XP level 5. HP: 15/37 MP: 8/12
  3153 | D:3      | Noticed a black bear
  3158 | D:3      | Killed a black bear
  3159 | D:3      | Reached XP level 6. HP: 33/44 MP: 9/13
  3329 | D:3      | Found Nywum's Book Shoppe.
  3635 | D:3      | Found a runed translucent gate.
  3635 | D:3      | Found a runed translucent gate.
  3636 | D:3      | Found a runed translucent gate.
  3638 | D:3      | Noticed blackman's ghost (amateur DgFi)
  3639 | D:3      | Identified the +0 ring mail of Kyn Gurr {Rampage Str-2
                  | Int+10}
  3694 | D:3      | Slain by blackman's ghost

Illustrated notes

Levels and vault maps discovered:
D:1:      dpeg_arrival_circle_labyrinth_a, layout_rooms,
          hellmonk_ecumenical_altar_heavens_door
D:2:      layout_rooms, basic_altar, minivault_19, minmay_pentomino_pile
D:3:      layout_loops_cross, serial_shops,
          nicolae_shop_temple_entry_statues_fountains,
          biasface_ghost_orc_armoury, kennysheep_small_spiral

Skill      XL: |  1  2  3  4  5 |
---------------+----------------+-----
Spellcasting   | 5 |  5.3
Invocations    | 1 2 |  2.1
Fighting       | 1 |  1.9
Short Blades   | 1 |  1.9
Long Blades    | 1 |  1.9
Axes           | 1 |  1.9
Maces & Flails | 1 |  1.9
Polearms       | 1 |  1.9
Staves         | 1 |  1.9
Ranged Weapons | 1 |  1.9
Throwing       | 1 |  1.9
Armour         | 1 |  1.9
Shields        | 1 |  1.9
Unarmed Combat | 1 |  1.9
Evocations     | 1 |  1.9
Conjurations   | 1 |  1.5
Hexes          | 1 |  1.5
Summonings     | 1 |  1.5
Necromancy     | 1 |  1.5
Translocations | 1 |  1.5
Transmutations | 1 |  1.5
Fire Magic     | 1 |  1.5
Air Magic      | 1 |  1.5
Earth Magic    | 1 |  1.5
Poison Magic   | 1 |  1.5
Dodging        | |  4.9
Stealth        | |  4.5
Ice Magic      | |  7.2

Action                   |  1- 3 |  4- 6 || total
-------------------------+-------+-------++-------
Melee: Short sword       |     7 |       ||     7
       Dagger            |     2 |       ||     2
       Mace              |    90 |    20 ||   110
       Bite              |    12 |     1 ||    13
       Flail             |       |    14 ||    14
Throw: Dart              |     1 |     1 ||     2
 Cast: Freeze            |    17 |       ||    17
       Frozen Ramparts   |     2 |     4 ||     6
  Use: Scroll            |       |     2 ||     2
       Potion            |       |     2 ||     2
 Stab: Sleeping          |     7 |     4 ||    11
Armor: Robe              |    24 |     6 ||    30
Dodge: Dodged            |    91 |    25 ||   116
